 Dungeon Crawl Stone Soup version 0.24.1-8-ga250c9d538 (webtiles) character file.

Game seed: 7521824164420407558, levelgen mode: deterministic

2 Hugehornet the Insei (level 1, 0/13 HPs)
             Began as an Octopode Transmuter on May 8, 2020.
             Slain by a goblin
             ... wielding a +0 dagger
              (1 damage)
             ... on level 1 of the Dungeon.
             The game lasted 00:00:11 (60 turns).

Hugehornet the Insei (Octopode Transmuter)            Turns: 60, Time: 00:00:11

Health: 0/13       AC:  1    Str:  9    XL:     1   Next: 40%
Magic:  3/3        EV: 13    Int: 15    God:
Gold:   10         SH:  0    Dex: 12    Spells: 3/4 levels left

rFire    . . .     SeeInvis .     - Unarmed
rCold    . . .     Gourm    .   (no shield)
rNeg     . . .     Faith    .   (helmet restricted)
rPois    .         Spirit   .   (no amulet)
rElec    .         Reflect  .   (no ring)
rCorr    .         Harm     .   (no ring)
MR       .....                  (no ring)
Stlth    ++........             (no ring)
HPRegen  0.04/turn              (no ring)
MPRegen  0.08/turn              (no ring)
                                (no ring)
                                (no ring)

@: no status effects
A: almost no armour, stealthy swim, amphibious, 8 rings, constrict 8, camouflage
1, gelatinous body 1
a: no special abilities


You were on level 1 of the Dungeon.
You were not hungry.

You visited 1 branch of the dungeon, and saw 1 of its levels.

You collected 10 gold pieces.

Inventory:

Missiles
 a - 34 arrows
Scrolls
 b - a scroll of identify {unknown}
Comestibles
 c - 2 rations


   Skills:
 - Level 1.0 Fighting
 - Level 2.0 Dodging
 - Level 3.0 Unarmed Combat
 - Level 2.0 Spellcasting
 + Level 2.2 Transmutations


You had 3 spell levels left.
You knew the following spells:

 Your Spells              Type           Power        Failure   Level  Hunger
a - Beastly Appendage     Tmut           #.....       9%          1    #......

Your spell library contained the following spells:

 Spells                   Type           Power        Failure   Level  Hunger
 Sticks to Snakes         Tmut           #.......     13%         2    ###....
 Spider Form              Tmut/Pois      #.........   38%         3    ###....
 Ice Form                 Ice/Tmut       #.......     80%         4    #####..
 Blade Hands              Tmut           #.........   94%         5    ######.


Dungeon Overview and Level Annotations

Branches:
Dungeon (1/15)

Altars:


Innate Abilities, Weirdness & Mutations

You cannot wear most types of armour.
You are very stealthy in the water. (Stealth+)
You are amphibious.
You can wear up to eight rings at the same time.
You can use your tentacles to constrict eight enemies at once.
Your skin changes colour to match your surroundings (Stealth+).
Your rubbery body absorbs attacks. (AC +1, EV +1)


Message History

You closely miss the bat. Your grab misses the bat. The bat misses you.
The bat hits you.
* * * LOW HITPOINT WARNING * * *
You barely miss the bat. You grab the bat.
Your tentacle spike misses the bat.
You constrict the bat. The bat closely misses you.
The bat struggles to escape constriction.
You closely miss the bat.
Your tentacle spike misses the bat.
You squeeze the bat.
You kill the bat!
You tentacle-slap the goblin but do no damage.
Your grab misses the goblin. The goblin misses you.
You tentacle-slap the goblin.
You kill the goblin!
The kobold throws a stone.
The stone hits you but does no damage.
You barely miss the goblin. You grab the goblin.
You pierce the goblin, but do no damage.
Your squeeze misses the goblin.
Your tentacle spike disappears.
You constrict the goblin. The goblin hits you with a +0 dagger.
You die...

8..8 ##.## ###..##.....
#........... #...........
#........... ....
#........... ....#
#....†......
##+##...######g########
#...#........@......#
###.⌠.###.............#
#.......#.............#
#.⌠.<.⌠.#.............####
#.......#.............'..#
###.⌠.###.............##.#
#...#...............##.#
...##'##...............##.#
............#############.#


You could see a goblin.

Vanquished Creatures
  A goblin (D:1)
  A bat (D:1)
  A rat (D:1)
3 creatures vanquished.

Notes
Turn   | Place    | Note
-------+----------+-------------------------------------------
     0 | D:1      | Hugehornet the Octopode Transmuter began the quest for the
                  | Orb.
     0 | D:1      | Reached XP level 1. HP: 13/13 MP: 3/3
    60 | D:1      | Slain by a goblin

Levels and vault maps discovered:
D:1:      dpeg_arrival_simpleton_c, layout_basic, st_stairs_6,
          chequers_serial_rivers_small_3

Action                   || total
-------------------------++-------
Melee: Unarmed           ||    13
       Constrict         ||     3
       Kick              ||     2
       Tentacles         ||     1
 Cast: Beastly Appendage ||     1
Armor: Skin              ||     4
Dodge: Dodged            ||     7
